 Dungeon Crawl Stone Soup version 0.28.0-53-g5a82cb258f (webtiles) character file.

Game seed: 2745477809310606881

126 Gabide the Skirmisher (level 4, 0/36 (40) HPs)
             Began as a Palentonga Monk on July 19, 2022.
             Slain by a hell rat (4 damage)
             ... in a sewer.
             The game lasted 00:12:49 (2043 turns).

Gabide the Skirmisher (Palentonga Monk)             Turns: 2043, Time: 00:12:50

HP:   0/36 (40)     AC:  5    Str: 17    XL:     4   Next: 83%
MP:   13/13         EV: 10    Int: 10    God:
Gold: 26            SH:  0    Dex: 12    Spells: 3/3 levels left

rFire   . . .      SeeInvis +   b - +5 dagger (venom)
rCold   . . .      Faith    .   (no shield)
rNeg    . . .      Spirit   .   a - +0 robe
rPois   .          Reflect  .   (no helmet)
rElec   .          Harm     .   (no cloak)
rCorr   .          Rampage  .   c - +0 pair of gloves
Will    .....                   (no barding)
Stlth   ++........              (no amulet)
HPRegen 0.12/turn               j - ring of magical power
MPRegen 0.13/turn               m - ring of wizardry

@: heavily drained, very slow
A: large, rugged brown scales 3, see invisible, deformed body, roll 1, armoured
tail
a: Rolling Charge


You were in a sewer.
You visited 1 branch of the dungeon, and saw 3 of its levels.
You also visited: Sewer.

You collected 103 gold pieces.
You spent 77 gold pieces at shops.

Inventory:

Hand Weapons
 b - a +5 dagger of venom (weapon)
Missiles
 d - 7 poisoned darts
Armour
 a - a +0 robe (worn)
 c - a +0 pair of gloves (worn)
Jewellery
 j - a ring of magical power (left hand)
 m - a ring of wizardry (right hand)
Scrolls
 f - a scroll of immolation
Potions
 e - a potion of magic
 g - 2 potions of heal wounds {unknown}
 h - 2 potions of curing
 i - a potion of brilliance
 k - a potion of might


   Skills:
 * Level 4.4 Fighting
 - Level 2.5 Dodging
 - Level 1.2 Stealth
 * Level 4.4 Unarmed Combat


You had 3 spell levels left.
You didn't know any spells.
Your spell library contained the following spells:

 Spells                   Type           Power      Damage    Failure   Level
 Summon Small Mammal      Summ           0%         N/A       16%         1
 Call Canine Familiar     Summ           0%         N/A       41%         3
 Portal Projectile        Hex/Tloc       0%         N/A       41%         3
 Summon Guardian Golem    Hex/Summ       0%         N/A       41%         3
 Blade Hands              Tmut           0%         N/A       98%         5
 Excruciating Wounds      Necr           0%         N/A       98%         5


Dungeon Overview and Level Annotations

Branches:
Dungeon (3/15)              Sewer (1/1)

Altars:

Shops:
D:1 :   D:2 ?


Innate Abilities, Weirdness & Mutations

You are completely covered in rugged brown scales. (AC +3, +7% HP)
You have supernaturally acute eyesight. (SInv)
Armour fits poorly on your strangely shaped body.
You can roll at nearby foes to attack.
You have a long armoured tail.


Message History

Aim: a rat (wandering, hasn't noticed you)
You roll forward with a clatter of scales!
You enter the shallow water.
Moving in this stuff is going to be slow.
You puncture the rat!
You kill the rat!
You hit the rat.
You kill the rat!
You start resting.
HP restored.
You enter the shallow water.
Moving in this stuff is going to be slow.
You enter the shallow water.
Moving in this stuff is going to be slow.
You open the door.
A hell rat comes into view.
Found four items.
Found a gate leading back out of this place.
Found 18 gold pieces, a dented citrine amulet and a sapphire potion.
There is an open door here.
You aren't carrying any items that you can evoke.
Unknown command.
Unknown command.
Unknown command.
Roll where?
Press: ? - help, Q - select action, (/) - cycle Dir - move target, f - hell rat
Aim: a hell rat (wandering, hasn't noticed you)
You roll forward with a clatter of scales!
You enter the shallow water.
Moving in this stuff is going to be slow.
The hell rat roars deafeningly!
You puncture the hell rat!
The hell rat is poisoned.
The hell rat is heavily wounded.
The hell rat bites you!
You feel drained. The hell rat bites you.
You hit the hell rat but do no damage.
The hell rat looks as sick as possible!
The hell rat is severely wounded.
The hell rat bites you. The hell rat bites you!
* * * LOW HITPOINT WARNING * * *
You feel drained.
You die...

.≈≈. ##≈≈≈
.≈## #≈.≈##
≈≈# ##≈.##≈#
≈≈## #.≈≈#≈..
.≈≈#
#..##$≈≈##≈.#
#≈≈#!!≈≈.#≈.#
#∩∩#∩?≈r@°≈≈#
#≈.#"$≈≈.#≈.#
#≈.##!.≈##≈.#
#.≈≈#≈≈.#≈.≈#
##≈≈##≈##†≈##
#≈≈≈###≈≈≈#
##≈≈..≈.≈##
#≈≈.≈.≈.#
###.≈.###


You could see a hell rat (extremely poisoned).

Vanquished Creatures
  Terence (D:2)
  3 adders (D:2)
  2 river rats (Sewer)
  2 worms (D:2)
  A dart slug (D:2)
  An orc (D:2)
  4 ball pythons
  3 endoplasms
  A giant cockroach (D:1)
  6 goblins
  3 hobgoblins
  5 kobolds (D:2)
  2 quokkas (D:1)
  4 bats
  3 frilled lizards
  6 rats
47 creatures vanquished.

Notes
Turn   | Place    | Note
-------+----------+-------------------------------------------
     0 | D:1      | Gabide the Palentonga Monk began the quest for the Orb.
     0 | D:1      | Reached XP level 1. HP: 19/19 MP: 1/1
    18 | D:1      | Found Quutien's Book Shop.
    86 | D:1      | Reached XP level 2. HP: 25/25 MP: 2/2
   794 | D:2      | Reached XP level 3. HP: 31/31 MP: 3/3
   808 | D:2      | Noticed Terence
   817 | D:2      | Killed Terence
  1073 | D:2      | Reached XP level 4. HP: 31/39 MP: 4/4
  1537 | D:2      | Found Ricid's Magic Scroll Shop.
  1540 | D:2      | Bought a scroll of identify for 22 gold pieces
  1543 | D:2      | Bought 2 scrolls of identify for 44 gold pieces
  1545 | D:2      | Bought a scroll of noise for 11 gold pieces
  1810 | D:3      | Found a glowing drain.
  1827 | Sewer    | Entered a sewer
  2043 | Sewer    | Slain by a hell rat

Illustrated notes

Levels and vault maps discovered:
D:1:      sevenhm_arrival_forest_fort_small_3, layout_loops_ring, serial_shops,
          nicolae_shop_competitors_out_of_business, hex_medium,
          grunt_decor_fettered
D:2:      layout_rooms, serial_shops, nicolae_shop_behind_doors,
          kennysheep_doodads, uniq_terence
D:3:      layout_loops_ring, shapermc_ecumenical_altar_flowoftime,
          cheibrodos_sewer_entry_drain, nrook_uturn, uniq_robin
Sewer:    sewer_hellmonk_bad_rat

Skill      XL: |  1  2  3 |
---------------+----------+-----
Fighting       | 4 |  4.4
Unarmed Combat | 4 |  4.4
Dodging        | |  2.5
Stealth        | |  1.2

Action                   |  1- 3 |  4- 6 || total
-------------------------+-------+-------++-------
Melee: Unarmed           |    22 |       ||    22
       Tailslap          |     8 |     8 ||    16
       Dagger            |    34 |    45 ||    79
Throw: Dart              |     4 |       ||     4
 Abil: Rolling Charge    |    17 |    10 ||    27
  Use: Scroll            |     1 |     5 ||     6
 Stab: Sleeping          |     1 |       ||     1
Armor: Robe              |    18 |    10 ||    28
Dodge: Dodged            |    18 |     9 ||    27
